 Dungeon Crawl Stone Soup version 0.29-a0-925-g0a7a3d12f8 (webtiles) character file.

Game seed: 16014082225661071915

270878 Armakuni the Ruinous (level 21, -10/196 HPs)
             Began as a Human Fighter on July 23, 2022.
             Was an Elder of Elyvilon.
             Killed from afar by a hellephant (68 damage)
             ... with a blast of flame
             ... on level 2 of the Abyss on July 29, 2022.
             The game lasted 02:34:57 (46545 turns).

Armakuni the Ruinous (Human Fighter)               Turns: 46545, Time: 02:34:57

Health: -10/196    AC: 34    Str: 16    XL:     21   Next: 7%
Magic:  2/35       EV: 14    Int: 23    God:    Elyvilon [****..]
Gold:   1108       SH: 10    Dex: 18    Spells: 7/40 levels left

rFire   . . .      SeeInvis .   a - staff of conjuration
rCold   . . .      Faith    .   x - +0 buckler
rNeg    + . .      Spirit   .   (body armour currently unavailable)
rPois   ∞          Reflect  +   E - +2 hat {Will+}
rElec   +          Harm     .   m - +0 cloak
rCorr   .          Rampage  .   (gloves currently unavailable)
Will    ++...                   (boots currently unavailable)
Stlth   +++.......              H - amulet of reflection
HPRegen 0.42/turn               u - +6 ring of intelligence
MPRegen 0.24/turn               A - +4 ring of protection

@: about to teleport, statue-form, very slightly contaminated, very slow
A: slow and powerful, torment resistance 1, boosted hp, thin skeletal structure
1, robust 1
}: 2/15 runes: decaying, serpentine
a: End Transformation, Renounce Religion, Purification, Heal Other, Heal Self


You were on level 2 of the Abyss.
You worshipped Elyvilon.
Elyvilon was greatly pleased with you.
You were a living statue of rough stone.
You visited 8 branches of the dungeon, and saw 36 of its levels.
You visited the Abyss 1 time.

You collected 3735 gold pieces.
You spent 2627 gold pieces at shops.

Inventory:

Hand Weapons
 P - the +10 eveningstar "Byomeucs" {vorpal, *Rage rC- rCorr SInv}
   (You found it on level 11 of the Dungeon)

   It inflicts extra damage upon your enemies.
   rC:        It makes you vulnerable to cold.
   SInv:      It lets you see invisible.
   *Rage:     It berserks you when you make melee attacks (+20% chance).
   rCorr:     It protects you from acid and corrosion.
Missiles
 s - 3 curare-tipped darts (quivered)
Armour
 g - a +3 troll leather armour (melded)
 m - a +0 cloak (worn)
 q - the +0 pair of boots of Naedd (melded) {rPois Slay+2}
   (You bought it in a shop on level 3 of the Dungeon)

   Slay:      It affects your accuracy & damage with ranged weapons and melee
   (+2).
   rPois:     It protects you from poison.
 x - a +0 buckler (worn)
 y - +0 acid dragon scales
 E - a +2 hat of willpower (worn)
 U - the +0 pair of gloves of the Turtle (melded) {rN+ rCorr Int+4}
   (You found it on level 14 of the Dungeon)

   Int:       It affects your intelligence (+4).
   rN:        It protects you from negative energy.
   rCorr:     It protects you from acid and corrosion.
Magical Staves
 a - a staff of conjuration (weapon)
Jewellery
 u - a +6 ring of intelligence (left fist)
 A - a +4 ring of protection (right fist)
 H - an amulet of reflection (around neck)
 I - the ring "Jeatzoar" {Str+5 SInv}
   (You found it on level 12 of the Dungeon)

   [ring of see invisible]

   Str:       It affects your strength (+5).
   SInv:      It lets you see invisible.
 J - a ring of protection from cold
Wands
 c - a wand of charming (22)
 k - a wand of digging (24)
 p - a wand of polymorph (29)
 r - a wand of flame (15)
 D - a wand of mindburst (12)
 F - a wand of roots (37)
Scrolls
 e - 4 scrolls of blinking
 j - 7 scrolls of noise
 l - 8 scrolls of teleportation
 n - a scroll of fear
 o - 5 scrolls of enchant weapon
 v - a scroll of magic mapping
 z - 3 scrolls of amnesia
 G - 3 scrolls of poison
 N - a scroll of enchant armour
 O - a scroll of brand weapon
 R - a scroll of immolation
 S - 5 scrolls of identify
Potions
 b - a potion of magic
 d - 4 potions of flight
 f - 12 potions of mutation
 i - 8 potions of curing
 t - 2 potions of cancellation
 w - 5 potions of lignification
 B - 5 potions of resistance
 C - 4 potions of brilliance
 K - 2 potions of haste
 L - 4 potions of invisibility
 M - 2 potions of might
 Q - 11 potions of heal wounds
 T - a potion of berserk rage
 X - a potion of ambrosia
Miscellaneous
 h - a tin of tremorstones (2/2)


   Skills:
 - Level 5.0 Fighting
 - Level 2.0(7.8) Maces & Flails
 - Level 11.9(12.0) Staves
 - Level 5.0 Armour
 - Level 5.0 Dodging
 - Level 4.0 Shields
 - Level 10.0 Spellcasting
 + Level 23.4 Conjurations
 - Level 10.0 Transmutations
 - Level 4.0 Fire Magic
 - Level 6.0 Ice Magic
 - Level 6.0 Air Magic
 - Level 10.0 Earth Magic
 - Level 10.0 Invocations
 - Level 10.0 Evocations


You had 7 spell levels left.
You knew the following spells:

 Your Spells              Type           Power      Damage    Failure   Level
a - Lehudib's Crystal Sp  Conj/Erth      46%        10d11     45%         8
c - Mephitic Cloud        Conj/Pois/Air  71%        N/A       1%          3
j - Freezing Cloud        Conj/Ice/Air   39%        6-21      1%          5
k - Statue Form           Tmut/Erth      36%        N/A       19%         6
m - Iskenderun's Mystic   Conj/Tloc      78%        2d16      1%          4
s - Sticky Flame          Conj/Fire      84%        2d10      1%          4
w - Wereblood             Tmut           55%        N/A       1%          2
z - Shock                 Conj/Air       100%       1d9       1%          1

Your spell library contained the following spells:

 Spells                   Type           Power      Damage    Failure   Level
 Magic Dart               Conj           100%       1d8       0%          1
 Beastly Appendage        Tmut           100%       N/A       1%          1
 Static Discharge         Conj/Air       87%        3-14/arc  1%          2
 Stone Arrow              Conj/Erth      100%       3d13      1%          3
 Swiftness                Air            39%        N/A       1%          3
 Hailstorm                Conj/Ice       87%        3d17      1%          4
 Lightning Bolt           Conj/Air       43%        1d63      1%          5
 Spider Form              Tmut/Pois      34%        N/A       2%          3
 Conjure Ball Lightning   Conj/Air       43%        3x3d15    2%          6
 Lee's Rapid Deconstruct  Erth           27%        3d16*     3%          5
 Airstrike                Air            19%        0-7+      6%          4
 Apportation              Tloc           22%        N/A       7%          1
 Slow                     Hex            44%        N/A       7%          1
 Summon Small Mammal      Summ           44%        N/A       7%          1
 Leda's Liquefaction      Hex/Erth       17%        N/A       9%          4
 Call Imp                 Summ           11%        N/A       11%         2
 Summon Lightning Spire   Summ/Air       25%        N/A       21%         4
 Call Canine Familiar     Summ           11%        N/A       22%         3
 Confusing Touch          Hex            11%        N/A       22%         3
 Gell's Gravitas          Tloc           11%        N/A       22%         3
 Lesser Beckoning         Tloc           11%        N/A       22%         3
 Summon Guardian Golem    Hex/Summ       11%        N/A       22%         3
 Teleport Other           Tloc           11%        N/A       22%         3
 Vampiric Draining        Necr           11%        2d6       22%         3
 Alistair's Intoxication  Tmut/Pois      22%        N/A       26%         5
 Silence                  Hex/Air        12%        N/A       50%         5
 Dispel Undead            Necr           11%        3d9       56%         4
 Olgreb's Toxic Radiance  Pois           11%        N/A       56%         4
 Passage of Golubria      Tloc           11%        N/A       56%         4
 Summon Forest            Summ/Tloc      5%         N/A       89%         5
 Summon Mana Viper        Hex/Summ       11%        N/A       89%         5
 Simulacrum               Ice/Necr       12%        N/A       97%         6
 Ozocubu's Refrigeration  Ice            19%        4d8       99%         7
 Summon Cactus Giant      Summ           5%         N/A       100%        6
 Ignition                 Fire           14%        3d6       100%        8
 Maxwell's Capacitive Co  Air            19%        ∞         100%        8
 Chain Lightning          Conj/Air       43%        3d58      100%        9
 Fire Storm               Conj/Fire      42%        8d11      100%        9
 Polar Vortex             Ice            19%        N/A       100%        9
 Shatter                  Erth           27%        3d23*     100%        9


Dungeon Overview and Level Annotations

Branches:
Dungeon (15/15)            Temple (1/1) D:6            Lair (5/5) D:10
  Swamp (4/4) Lair:2        Snake (4/4) Lair:2        Slime (0/5) Lair:5
    Orc (2/2) D:10            Elf (3/3) Orc:2        Vaults (2/5) D:13
 Depths (0/4) D:15
  Crypt: Vaults:2-3

Altars:
Ashenzari
Cheibriados
Dithmenos
Elyvilon
Fedhas
Gozag
Hepliaklqana
Kikubaaqudgha
Makhleb
Nemelex Xobeh
Okawaru
Qazlal
Ru
Sif Muna
Trog
Uskayaw
Vehumet
Wu Jian
Xom
Yredelemnul
Zin
The Shining One
Jiyva

Shops:
D:1 ?   D:3 [   D:10 *   Orc:2 [:[=[   Elf:1 :==   Elf:2 [   Snake:1 :
Snake:2 ?   Snake:4 ((

Portals:
Abyss: D:12

Annotations:
D:6 2 transporters, AmberJosephineTwo's ghost, novice MeCK
Snake:4 Vashnia


Innate Abilities, Weirdness & Mutations

You are a living statue of rough stone.
Your actions are slow, but your melee attacks are powerful.
You are resistant to unholy torment.
Your maximum health is greatly increased.
You are immune to poison.
Your equipment is partially melded.
You have a somewhat thin skeletal structure. (Dex +2, Stealth+)
You are robust. (+10% HP)


Message History

The raiju bursts into living lightning!
The living lightning hits you. You resist.
The raiju blinks!
The raiju closely misses you.
Casting: Iskenderun's Mystic Blast (mildly dangerous; 1% risk of failure)
Confirm with . or Enter, or press ? or * to list all spells.
You feel a surge of power!
You erupt in a blast of force!
The mystic blast hits the raiju!
You kill the raiju!
The mystic blast hits the raiju!
You kill the raiju!
A hellephant comes into view.
A large abomination comes into view.
The hellephant blinks!
As you read the scroll of teleportation, it crumbles to dust.
You feel strangely unstable.
You feel the power of the Abyss delaying your translocation!
The hellephant breathes flames at you. The blast of flame hits you!!!
* * * LOW HITPOINT WARNING * * *
You are healed.
You block the large abomination's attack.
You are healed.
The large abomination completely misses you.
You hit the large abomination but do no damage.
You blast the large abomination!!
The large abomination is moderately damaged.
The large abomination hits you but does no damage.
You barely miss the large abomination.
The large abomination is moderately damaged.
You block the large abomination's attack.
The hellephant breathes flames at you. The blast of flame hits you!!
* * * LOW HITPOINT WARNING * * *
The large abomination attacks as you move away!
The large abomination misses you.
You see here a raiju corpse.
A thrashing horror comes into view.
The hellephant breathes flames at you. The blast of flame hits you!!!
You die...

.. ##....≈≈≈≈... ..
##...≈≈≈≈.≈≈ . ..#
#....≈≈≈≈≈ . ...
#.....≈≈≈≈≈ .
...#####...#†..≈≈≈
.......#.#.....≈.>.
...........†#....
.. #....XY.†.......
.......##†8........
....## ####.......
...#. ...... ....
...... .#. ...#..
.. ...... ...X


You could see a hellephant (catching breath), a thrashing horror and a large
abomination.

Vanquished Creatures
  Mara (Swamp:3)
  Nikola (Vaults:1)
  Jorgrun (D:14)
  Mlioglotl (Swamp:3)
  A deep elf blademaster (Elf:3)
  Asterion (Vaults:1)
  2 deep elf master archers (Elf:3)
  Frances (Snake:1)
  2 Executioners (Abyss:2)
  A tentacled starspawn (Abyss:2)
  A thorn hunter (Swamp:4)
  11 nagarajas
  Kirke (D:15)
  Donald (Vaults:1)
  A fenstrider witch (Swamp:2)
  Aizul (Snake:1)
  3 deep elf sorcerers (Elf:3)
  3 deep elf elementalists (Elf:3)
  2 vault wardens (Vaults:1)
  6 ghouls
  Louise (D:14)
  3 ironbound preservers (Vaults:1)
  A stone giant (D:11)
  2 ironbound thunderhulks (Vaults:1)
  6 very ugly things
  7 eleionomae
  3 deep elf demonologists
  A bunyip (Swamp:4)
  3 deep elf annihilators
  A dire elephant (D:15)
  Azrael (D:14)
  The ghost of Turgor the Cleaver, a journeyman DsGl of Cheibriados (D:12)
  A shambling mangrove (Swamp:4)
  2 yaktaur captains (Vaults:1)
  3 deep elf death magi (Elf:3)
  A great orb of eyes (Vaults:1)
  2 deep elf high priests (Elf:3)
  21 hydras
  2 vault guards (Vaults:1)
  9 boulder beetles
  A peacekeeper (Vaults:1)
  Harold (Lair:2)
  A salamander tyrant (Snake:3)
  11 anacondas
  7 naga warriors
  An ironbound frostheart (Vaults:1)
  8 two-headed ogres
  4 alligators
  A centaur warrior (D:14)
  20 dancing weapons
  A thrashing horror (Abyss:2)
  A spriggan berserker (Swamp:3)
  17 naga sharpshooters
  A death yak (Vaults:1)
  3 shock serpents
  A soul eater (D:12)
  11 deep elf knights
  A sixfirhy (D:12)
  2 goliath frogs
  10 sea snakes (Snake:4)
  2 salamander mystics
  10 deep trolls (Vaults:1)
  2 deep elf archers (Elf:1)
  5 naga ritualists
  4 lindwurms
  11 swamp dragons
  4 bog bodies
  2 wizards
  3 spriggan druids
  4 ironbound convokers (Vaults:1)
  4 orc knights
  An orc sorcerer (D:15)
  13 deep elf zephyrmancers
  9 salamanders
  23 deep elf pyromancers
  2 will-o-the-wisps
  An oklob plant (Lair:3)
  13 mana vipers
  4 ugly things
  3 cyclopes
  5 manticores
  2 worldbinders
  3 guardian serpents (Snake:4)
  2 rust devils (D:12)
  13 elephants
  16 naga magi
  A vault sentinel (Vaults:1)
  27 black mambas
  Maggie (Lair:2)
  2 orange demons (D:12)
  9 cane toads
  2 gargoyles (D:11)
  An efreet (D:13)
  5 komodo dragons
  2 unseen horrors
  4 rime drakes
  A freezing wraith (Abyss:2)
  2 tengu conjurers (D:15)
  A troll (shapeshifter) (D:14)
  3 yaktaurs (Vaults:1)
  2 ancient zymes
  12 blink frogs
  14 polar bears
  11 trolls
  A polar bear (shapeshifter) (D:14)
  7 hornets
  18 slime creatures
  11 tyrant leeches
  4 large abominations
  9 raiju
  A shadow (D:11)
  22 yaks
  5 water elementals
  Sigmund (D:4)
  A vampire (D:11)
  A ynoxinul (D:12)
  7 spriggans
  6 wyverns
  9 fire elementals
  3 hogs (D:15)
  A wraith (D:10)
  11 basilisks
  A chaos spawn (Abyss:2)
  Grum (Lair:1)
  20 vampire mosquitoes
  A steam dragon (D:8)
  30 nagas
  7 wargs
  3 acid dragons
  16 hell hounds
  13 swamp worms
  13 water moccasins
  12 swamp drakes
  36 orc warriors
  2 small abominations (Abyss:2)
  An ice beast (D:7)
  14 black bears
  33 wolves
  4 boggarts (Lair:4)
  9 ogres
  A phantom (D:4)
  16 centaurs
  10 kobold brigands
  Blork the orc (D:6)
  5 bullfrogs
  2 scorpions
  3 necrophages
  An earth elemental (Elf:2)
  A cane toad simulacrum (Lair:4)
  5 wights
  5 killer bees (D:9)
  2 howler monkeys
  2 quasits (D:12)
  3 hounds
  11 orc priests
  19 jellies
  An iron imp (Abyss:2)
  3 iguanas
  14 orc wizards
  2 polar bear simulacra (Lair:4)
  5 hell rats (Lair:5)
  A wolf simulacrum (Lair:4)
  17 gnolls
  9 adders
  A white imp (D:6)
  3 ufetubi
  2 worms
  2 dart slugs
  72 orcs
  8 bats
  11 endoplasms
  A giant cockroach (D:1)
  4 hobgoblins
  13 jackals
  5 quokkas
  7 ball pythons
  A frilled lizard (D:3)
  10 goblins
  24 kobolds
  4 rats
  A spectral orc (D:4)
  2 briar patches (Swamp:4)
  2 starspawn tentacles (Abyss:2)
1123 creatures vanquished.

Vanquished Creatures (collateral kills)
  Gastronok (D:9)
  A naga warrior (Snake:2)
  A shock serpent (Snake:3)
  2 swamp dragons (Swamp:4)
  2 mana vipers (Snake:2)
  A black mamba (Snake:2)
  A slime creature (D:8)
  A naga (Snake:3)
  A swamp drake (Swamp:4)
  3 jellies (D:8)
  An orc (D:9)
15 creatures vanquished.

Vanquished Creatures (others)
  A hydra (Swamp:4)
  An anaconda (Snake:2)
  A deep elf knight (Elf:2)
  A deep troll (Vaults:1)
  A deep elf zephyrmancer (Elf:3)
  A black mamba (Snake:4)
  3 guardian serpents
  A komodo dragon (Lair:5)
  A raiju (Lair:5)
  A naga (Snake:2)
  A swamp drake (D:10)
  A wolf (Lair:5)
  A jelly (Lair:5)
  A hell rat (Lair:5)
  2 foxfires (Swamp:1)
  28 fungi
  88 plants
  A starspawn tentacle (Abyss:2)
  6 toadstools (D:8)
141 creatures vanquished.

Grand Total: 1279 creatures vanquished

Notes
Turn   | Place    | Note
-------+----------+-------------------------------------------
     0 | D:1      | Armakuni the Human Fighter began the quest for the Orb.
     0 | D:1      | Reached XP level 1. HP: 18/18 MP: 1/1
   132 | D:1      | Found Fobi's Magic Scroll Emporium.
   147 | D:1      | Reached skill level 1 in Staves
   165 | D:1      | Bought a scroll of identify for 22 gold pieces
   334 | D:1      | Reached XP level 2. HP: 24/24 MP: 2/2
   486 | D:1      | Reached XP level 3. HP: 20/29 MP: 3/3
  1130 | D:1      | Learned a level 1 spell: Shock
  1653 | D:2      | Reached XP level 4. HP: 35/35 MP: 4/4
  1994 | D:2      | Reached skill level 1 in Conjurations
  2216 | D:3      | Found an opulent altar of Gozag.
  2372 | D:3      | Reached XP level 5. HP: 36/41 MP: 5/5
  2373 | D:3      | Found a sparkling altar of Nemelex Xobeh.
  2454 | D:3      | Reached skill level 2 in Conjurations
  2968 | D:3      | Gained mutation: You have a somewhat thin skeletal
                  | structure. (Dex +2, Stealth+) [potion of mutation]
  2968 | D:3      | Gained mutation: Your mind is acute. (Int +4, Str/Dex -1)
                  | [potion of mutation]
  2968 | D:3      | Lost mutation: Your mind is acute. (Int +4, Str/Dex -1)
                  | [potion of mutation]
  2968 | D:3      | Gained mutation: You are robust. (+10% HP) [potion of
                  | mutation]
  3330 | D:3      | Found Qogydumo's Antique Armour Emporium.
  3466 | D:3      | Found a blossoming altar of Fedhas.
  3754 | D:4      | Reached XP level 6. HP: 51/51 MP: 3/6
  3762 | D:4      | Reached skill level 3 in Conjurations
  4115 | D:4      | Noticed an ogre
  4119 | D:4      | Killed an ogre
  4120 | D:4      | Reached skill level 5 in Staves
  4120 | D:4      | Reached XP level 7. HP: 57/57 MP: 4/7
  4194 | D:4      | Reached skill level 4 in Conjurations
  4232 | D:4      | Noticed Sigmund
  4249 | D:4      | Killed Sigmund
  4444 | D:4      | Noticed a wyvern
  4495 | D:4      | Killed a wyvern
  4496 | D:4      | Reached skill level 5 in Conjurations
  4639 | D:4      | Found a basalt altar of Yredelemnul.
  4786 | D:5      | Entered Level 5 of the Dungeon
  4797 | D:4      | Reached XP level 8. HP: 61/63 MP: 6/8
  5201 | D:5      | Reached skill level 6 in Conjurations
  5250 | D:5      | Found a stormy altar of Qazlal.
  5252 | D:5      | Noticed a water elemental
  5253 | D:5      | Noticed an air elemental
  5253 | D:5      | Noticed a fire elemental
  5442 | D:5      | Identified the +4 trident "Notiast" {holy, rN+ Str+3 Dex+4}
  5880 | D:6      | Noticed Blork the orc
  5883 | D:6      | Killed Blork the orc
  5925 | D:6      | Found a transporter.
  5943 | D:6      | Found a staircase to the Ecumenical Temple.
  5949 | Temple   | Entered the Ecumenical Temple
  6253 | D:6      | Found a radiant altar of Vehumet.
  6589 | D:6      | Reached XP level 9. HP: 35/69 MP: 3/9
  6926 | D:6      | Noticed AmberJosephineTwo's ghost (novice MeCK)
  6929 | D:6      | Noticed a two-headed ogre
  6976 | D:6      | Reached skill level 7 in Conjurations
  7281 | D:7      | Noticed a hornet
  7380 | D:7      | Killed a hornet
  7527 | D:7      | Identified a scroll of acquirement
  7527 | D:7      | Acquired a staff of conjuration
  7545 | D:7      | Noticed a hornet
  7552 | D:7      | Killed a hornet
  7553 | D:7      | Reached skill level 8 in Conjurations
  8525 | D:8      | Reached XP level 10. HP: 75/77 MP: 8/10
  8565 | D:8      | Reached skill level 9 in Conjurations
  8798 | D:8      | Reached skill level 10 in Staves
  9424 | D:8      | Found a snail-covered altar of Cheibriados.
  9424 | D:8      | Found a shadowy altar of Dithmenos.
  9425 | D:8      | Found a glowing silver altar of Zin.
  9934 | D:9      | Noticed a two-headed ogre
  9946 | D:9      | Killed a two-headed ogre
  9947 | D:9      | Reached skill level 10 in Conjurations
 10141 | D:9      | Reached skill level 1 in Evocations
 10210 | D:9      | Noticed Gastronok
 10232 | D:9      | Killed Gastronok
 10233 | D:9      | Reached XP level 11. HP: 31/82 MP: 4/11
 11143 | D:9      | Found a white marble altar of Elyvilon.
 11294 | D:3      | Bought a pair of warped boots for 294 gold pieces
 11294 | D:3      | Identified the +0 pair of boots of Naedd {rPois Slay+2}
                  | (You bought it in a shop on level 3 of the Dungeon)
 11396 | D:6      | Found a transporter.
 11482 | D:9      | Became a worshipper of Elyvilon the Healer
 11593 | D:9      | Reached skill level 5 in Evocations
 12025 | D:9      | Reached * piety under Elyvilon
 12294 | D:10     | Entered Level 10 of the Dungeon
 12447 | D:10     | Found a staircase to the Lair.
 12565 | D:10     | Found Ukunnal's Changing Room.
 12942 | D:10     | Found a staircase to the Orcish Mines.
 13148 | D:10     | Found a shimmering blue altar of Sif Muna.
 13204 | D:10     | Noticed a two-headed ogre
 13217 | D:10     | Killed a two-headed ogre
 13218 | D:10     | Reached skill level 1 in Invocations
 13503 | D:10     | Reached ** piety under Elyvilon
 13721 | D:11     | Noticed a boulder beetle
 13742 | D:10     | Killed a boulder beetle
 13743 | D:10     | Reached XP level 12. HP: 43/89 MP: 10/13
 13814 | D:11     | Noticed a two-headed ogre
 13890 | D:10     | Killed a two-headed ogre
 13971 | D:11     | Reached skill level 10 in Evocations
 13974 | D:11     | Reached skill level 1 in Spellcasting
 13980 | D:11     | Learned a level 5 spell: Freezing Cloud
 14022 | D:11     | Noticed a boulder beetle
 14030 | D:11     | Noticed a stone giant
 14135 | Lair:1   | Entered Level 1 of the Lair of Beasts
 14199 | Lair:1   | Noticed Grum
 14215 | Lair:1   | Killed Grum
 14217 | Lair:1   | Reached skill level 1 in Ice Magic
 14217 | Lair:1   | Reached skill level 1 in Air Magic
 15393 | Lair:2   | Reached *** piety under Elyvilon
 15513 | Lair:2   | Reached skill level 5 in Ice Magic
 15513 | Lair:2   | Reached skill level 5 in Air Magic
 15651 | Lair:2   | Learned a level 3 spell: Mephitic Cloud
 15839 | Lair:2   | Found a staircase to the Swamp.
 15892 | Lair:2   | Reached XP level 13. HP: 94/94 MP: 6/16
 16033 | Lair:2   | Noticed Harold
 16048 | Lair:2   | Killed Harold
 16049 | Lair:2   | Found a staircase to the Snake Pit.
 16215 | Lair:2   | Noticed Maggie
 16222 | Lair:2   | Killed Maggie
 16730 | Lair:3   | Reached **** piety under Elyvilon
 16781 | Lair:3   | Identified the +4 quarterstaff "Kozeune" {flame, SInv}
 16786 | Lair:3   | Noticed a boulder beetle
 16804 | Lair:3   | Killed a boulder beetle
 16903 | Lair:3   | Reached skill level 5 in Invocations
 17109 | Lair:3   | Reached skill level 5 in Spellcasting
 17997 | Lair:4   | Reached ***** piety under Elyvilon
 18284 | Lair:4   | Upgraded the game from 0.29-a0-901-g46a8461d6a to
                  | 0.29-a0-902-g0f71de6fce
 18612 | Lair:4   | Noticed a six-headed hydra
 18621 | Lair:4   | Killed a six-headed hydra
 19046 | Lair:5   | Entered Level 5 of the Lair of Beasts
 19323 | Lair:5   | Noticed a five-headed hydra
 19334 | Lair:5   | Killed a five-headed hydra
 19471 | Lair:5   | Found a viscous altar of Jiyva.
 19473 | Lair:5   | Found a staircase to the Slime Pits.
 19563 | Lair:5   | Reached skill level 10 in Invocations
 19596 | Lair:5   | Reached XP level 14. HP: 51/100 MP: 12/21
 20026 | Lair:5   | Reached skill level 5 in Fighting
 20147 | Lair:5   | Reached skill level 11 in Conjurations
 20480 | Lair:5   | Reached skill level 12 in Conjurations
 20922 | Lair:5   | Reached skill level 13 in Conjurations
 21503 | D:10     | Bought a book of Changes for 180 gold pieces
 21503 | D:10     | Bought a potion of mutation for 80 gold pieces
 21503 | D:10     | Bought 2 potions of mutation for 160 gold pieces
 21507 | D:10     | Learned a level 2 spell: Wereblood
 21551 | Orc:1    | Entered Level 1 of the Orcish Mines
 21596 | Orc:1    | Reached skill level 1 in Dodging
 21596 | Orc:1    | Reached skill level 1 in Transmutations
 21834 | Orc:2    | Entered Level 2 of the Orcish Mines
 21839 | Orc:2    | Found Seixkoj's Antique Armour Boutique.
 21840 | Orc:2    | Found a staircase to the Elven Halls.
 21853 | Orc:2    | Bought a pair of glowing gloves for 277 gold pieces
 22204 | Orc:2    | Reached XP level 15. HP: 94/113 MP: 6/22
 22497 | Orc:2    | Found Cyech's Antique Armour Shoppe.
 22497 | Orc:2    | Found Obeneuc's Book Shop.
 22499 | Orc:2    | Found Nibalagawo's Antique Armour Boutique.
 22501 | Orc:2    | Found Votepum's Jewellery Emporium.
 23036 | Orc:2    | Bought a book of Touch for 390 gold pieces
 23039 | Orc:2    | Bought a pair of glowing gloves for 262 gold pieces
 23093 | Orc:2    | Learned a level 4 spell: Sticky Flame
 23303 | Snake:1  | Entered Level 1 of the Snake Pit
 23360 | Snake:1  | Noticed a nagaraja
 23380 | Snake:1  | Killed a nagaraja
 23438 | Snake:1  | Reached skill level 5 in Armour
 23558 | Snake:1  | Noticed Frances
 23685 | Snake:1  | Killed Frances
 23686 | Snake:1  | Reached skill level 5 in Dodging
 23686 | Snake:1  | Reached skill level 5 in Transmutations
 24231 | Snake:1  | Found Johutiul's Vocational Training.
 24234 | Snake:1  | Noticed Aizul
 24259 | Snake:1  | Killed Aizul
 24800 | Snake:2  | Reached skill level 1 in Fire Magic
 24814 | Snake:2  | Noticed a nagaraja
 24827 | Snake:2  | Killed a nagaraja
 25160 | Snake:2  | Reached XP level 16. HP: 97/119 MP: 20/23
 25191 | Snake:2  | Found Letus's Magic Scroll Shop.
 25520 | Snake:2  | Noticed a nagaraja
 25522 | Snake:2  | Upgraded the game from 0.29-a0-902-g0f71de6fce to
                  | 0.29-a0-914-g906f1d757c
 25535 | Snake:2  | Killed a nagaraja
 25536 | Snake:2  | Reached skill level 10 in Transmutations
 25914 | Snake:2  | Noticed a nagaraja
 25925 | Snake:2  | Killed a nagaraja
 25926 | Snake:2  | Reached skill level 14 in Conjurations
 26421 | Snake:3  | Upgraded the game from 0.29-a0-914-g906f1d757c to
                  | 0.29-a0-923-g6e406bff71
 26764 | Snake:3  | Reached skill level 15 in Conjurations
 27407 | Orc:2    | Bought Poloulal's Collected Works on Direction and the
                  | Caves for 390 gold pieces
 27413 | Orc:2    | Learned a level 4 spell: Iskenderun's Mystic Blast
 28029 | Snake:4  | Entered Level 4 of the Snake Pit
 28293 | Snake:4  | Found Raleosh's Weapon Boutique.
 28296 | Snake:4  | Noticed a nagaraja
 28297 | Snake:4  | Found Utoiry's Weapon Boutique.
 28309 | Snake:4  | Killed a nagaraja
 28479 | Snake:4  | Noticed Vashnia
 28483 | Snake:4  | Reached skill level 16 in Conjurations
 28913 | Snake:4  | Reached XP level 17. HP: 104/126 MP: 18/24
 28991 | Snake:4  | Got the Guidebook on Feathers
 29506 | Snake:4  | Reached skill level 17 in Conjurations
 29743 | Snake:4  | Got a serpentine rune of Zot
 29910 | Snake:4  | Reached skill level 18 in Conjurations
 30282 | Swamp:1  | Entered Level 1 of the Swamp
 31470 | Swamp:2  | Reached skill level 19 in Conjurations
 32279 | Swamp:3  | Reached XP level 18. HP: 133/133 MP: 20/25
 32653 | Swamp:3  | Noticed Mlioglotl
 32665 | Swamp:3  | Killed Mlioglotl
 32910 | Swamp:3  | Noticed Mara
 32918 | Swamp:3  | Killed Mara
 33140 | Swamp:4  | Entered Level 4 of the Swamp
 33181 | Swamp:4  | Reached skill level 20 in Conjurations
 33872 | Swamp:4  | Upgraded the game from 0.29-a0-923-g6e406bff71 to
                  | 0.29-a0-925-g0a7a3d12f8
 34147 | Swamp:4  | Reached skill level 21 in Conjurations
 34292 | Swamp:4  | Elyvilon protects you from harm!
 34623 | Swamp:4  | Got a decaying rune of Zot
 35205 | D:11     | Got the +10 eveningstar "Byomeucs" {vorpal, *Rage rC- rCorr
                  | SInv}
 36063 | D:12     | Found a transporter.
 36121 | D:12     | Found a transporter.
 36613 | D:13     | Reached XP level 19. HP: 81/138 MP: 23/26
 36620 | D:13     | Learned a level 6 spell: Statue Form
 36758 | D:13     | Found a gate to the Vaults.
 36792 | D:13     | Reached skill level 1 in Earth Magic
 37525 | D:14     | Identified the +0 pair of gloves of the Turtle {rN+ rCorr
                  | Int+4}
 38058 | D:14     | Noticed Louise
 38110 | D:14     | Killed Louise
 38231 | D:14     | Noticed Azrael
 38241 | D:14     | Killed Azrael
 38482 | D:14     | Noticed Jorgrun
 38500 | D:14     | Killed Jorgrun
 38641 | D:14     | Found the +1 robe of Vines {NoPotionHeal Regen++++}
 38808 | D:15     | Entered Level 15 of the Dungeon
 39010 | D:15     | Noticed Kirke
 39037 | D:15     | Killed Kirke
 39267 | D:15     | Found a staircase to the Depths.
 39437 | D:15     | Reached skill level 5 in Earth Magic
 40141 | Vaults:1 | Entered Level 1 of the Vaults
 40817 | Vaults:1 | Noticed Asterion
 40844 | Vaults:1 | Killed Asterion
 41493 | Vaults:1 | Noticed Nikola
 41516 | Vaults:1 | Killed Nikola
 41668 | Vaults:1 | Noticed Donald
 41677 | Vaults:1 | Killed Donald
 42424 | D:12     | Noticed Turgor's ghost (journeyman DsGl)
 42434 | D:12     | Reached XP level 20. HP: 138/146 MP: 23/32
 42444 | D:12     | Killed Turgor's ghost
 42480 | D:12     | Found a one-way gate to the infinite horrors of the Abyss.
 42542 | D:12     | Identified the ring "Jeatzoar" {Str+5 SInv}
 42714 | Elf:1    | Entered Level 1 of the Elven Halls
 43247 | Elf:1    | Got the Volume of Blasting
 43759 | Elf:1    | Found Yreviyll's Book Shoppe.
 43759 | Elf:1    | Found Bauxtoedeb's Jewellery Shop.
 43760 | Elf:1    | Found Vopylent's Jewellery Shop.
 43771 | Elf:1    | Bought the Unrestrained Analects for 572 gold pieces
 44012 | Elf:2    | Found Qiani's Armour Boutique.
 44372 | Elf:2    | Reached skill level 10 in Spellcasting
 44393 | Elf:2    | Found a runed translucent gate.
 44393 | Elf:2    | Found a runed translucent gate.
 44393 | Elf:2    | Found a runed translucent gate.
 44444 | Elf:2    | Reached skill level 10 in Earth Magic
 44755 | Elf:2    | Reached skill level 22 in Conjurations
 45583 | Elf:3    | Entered Level 3 of the Elven Halls
 45625 | Elf:3    | Identified the +0 leather armour "Nawut" {rPois Dex-5
                  | Slay+5}
 45667 | Elf:3    | Noticed a Hell Sentinel
 45777 | Elf:3    | Noticed a Brimstone Fiend
 46033 | Elf:3    | Reached skill level 23 in Conjurations
 46274 | Abyss:2  | Cast into level 2 of the Abyss (a deep elf sorcerer)
 46327 | Abyss:2  | Learned a level 8 spell: Lehudib's Crystal Spear
 46425 | Abyss:2  | Reached XP level 21. HP: 115/151 MP: 28/35
 46477 | Abyss:2  | Found a corrupted altar of Lugonu.
 46545 | Abyss:2  | Killed from afar by a hellephant

Illustrated notes

Levels and vault maps discovered:
D:1:      lightli_iron_boxes, layout_basic, serial_shops, shop_scrolls
D:2:      layout_loops_corners, chequers_serial_rivers_small_b
D:3:      layout_basic, nemelex_dance_club_becter, nicolae_gozag_seed_capital,
          mainiacjoe_overflow_concentric_impassable, serial_shops,
          nicolae_shop_trees
D:4:      layout_basic, yredelemnul_forgotten_temple_becter, minmay_cupped,
          uniq_sigmund
D:5:      layout_loops_ring, nicolae_qazlal_style_of_elements, serial_bayou,
          serial_bayou_pond_b, serial_bayou_pond_c, serial_bayou_pond_d,
          serial_bayou_pond_b
D:6:      layout_basic, nicolae_vehumet_radiance,
          minmay_temple_entry_statues_pillars, gammafunk_ghost_smash,
          uniq_blork_the_orc
D:7:      layout_rooms
D:8:      cheibrodos_fertilizer, layout_basic,
          gammafunk_temple_overflow_forgotten
D:9:      layout_basic, mainiacjoe_overflow_small_starburst, uniq_gastronok
D:10:     layout_loops_ring, lemuel_coloured_pillars_altar, david_lair_shrubbed,
          erik_orc_1, serial_glass, glass_columns_a, glass_columns_a,
          glass_columns_a, glass_columns_b, glass_columns_b, glass_columns_a,
          glass_columns_a, glass_columns_a, nicolae_transmutations_shop,
          minmay_circle_x
D:11:     minmay_roctagon, layout_cave_pools
D:12:     layout_basic, serial_demonic, serial_demonic_d, serial_demonic_g,
          serial_demonic_e, serial_demonic_e, gammafunk_ghost_abyssal_escape,
          hellmonk_bongcloud_opening
D:13:     layout_loops_corners, david_vaults_1
D:14:     layout_irregular_city, serial_bayou_pond_b, amcnicky_mini_pool_small,
          hellmonk_guarded_unrand_vines, uniq_azrael, uniq_louise, uniq_jorgrun
D:15:     hangedman_depths_entry_try_elsewhere_first, layout_basic,
          roderic_lattice_a, uniq_kirke
Temple:   jpeg_temple_clearing
Lair:1:   layout_concentric_octagons, serial_rivers,
          chequers_serial_rivers_marsh, chequers_serial_rivers_small_b,
          chequers_serial_rivers_micro_a, chequers_serial_rivers_room_b,
          uniq_grum
Lair:2:   layout_cave_pods, skrybe_swamp_entry_bodies, dummy_snake_entry,
          grunt_megastairs_5, uniq_harold, uniq_maggie
Lair:3:   layout_roguey, serial_bayou, serial_bayou_pond_d, serial_bayou_pond_a,
          serial_bayou_pond_d, serial_bayou_lagoon_a, serial_bayou_crossing,
          serial_bayou_ford_a
Lair:4:   layout_layer_cave, portal_ice_cave_entry_ice_simulacra,
          kilobyte_rumbling_trees, infiniplex_staircase_pool_2,
          lemuel_fruit_fields
Lair:5:   hangedman_lair_caniforms_friends, layout_regular_city,
          minmay_slime_entry_jelly_boxes, kennysheep_basilisk_garden
Swamp:1:  layout_basic_swamp, serial_swamp_ruin, evilmike_swamp_ruin_house_6,
          evilmike_swamp_ruin_house_2, swamp_pool5, nicolae_swamp_bean_lake
Swamp:2:  layout_basic_swamp, evilmike_swamp_ruin_rubble_2
Swamp:3:  layout_basic_swamp, evilmike_swamp_ruin_house_5, swamp_pool1,
          uniq_mlioglotl, uniq_mara
Swamp:4:  swamp, layout_basic_swamp
Snake:1:  layout_basic, grunt_ministairs_2, nicolae_shop_vocational,
          grunt_megastairs_2, uniq_aizul, uniq_frances
Snake:2:  layout_onion, serial_shops, nicolae_shop_hallway_stairs
Snake:3:  layout_misc_corridors
Snake:4:  grunt_snake_rune_pools, layout_basic, nrook_guardian_serpent_ordinary,
          grunt_megastairs_1, minmay_shop_star, uniq_vashnia
Orc:1:    layout_diamond_mine, basic_altar, uniq_fannar
Orc:2:    st_orc_rangers, layout_diamond_mine, serial_shops, shop
Elf:1:    minmay_elf_arrival_summoners, layout_loops_cross,
          minmay_elf_annihilation, minmay_shop_grove
Elf:2:    elven_hall_of_blades_hangedman_original
          [nicolae_blade_entry_hurt_lockers], layout_geoelf_octagon,
          serial_shops, shop
Elf:3:    minmay_elf_hall_circle, layout_gridlike,
          gammafunk_ghost_berserking_beasts, serial_shops, shop_statue,
          hex_intersection
Vaults:1: ontoclasm_vaults_gallery, ontoclasm_vaults_claustrophobia,
          ontoclasm_vaults_fault, vaults_dpeg_cross,
          nicolae_vaults_back_hallway, hangedman_vaults_slice,
          nicolae_vaults_little_squares_2, v_misc_28, vaults_standard_mumra_x,
          serial_ice_m, layout_vaults_chaotic_city, uniq_donald, uniq_nikola,
          uniq_asterion
Vaults:2: portal_desolation_entry_ruin, nicolae_vaults_what_the_h, v_pattern_3,
          hangedman_vaults_corner, v_misc_12, vaults_room_stairs_pillars,
          v_alt_pattern_5, v_misc_22, v_alt_pattern_6,
          grunt_vaults_hallway_long, minmay_crypt_entry_simple_statues,
          ontoclasm_vaults_pinch, nicolae_vaults_murderbox,
          layout_vaults_omnibox, serial_shops, nicolae_diamond_shop,
          nicolae_lakefront_shop, nicolae_shop_statue_plus,
          nicolae_shop_overgrown_old_shop
Abyss:2:  base:
Lair:4

Skill      XL: |  1  2  3  4  5  6  7  8  9 10 11 12 13 14 15 16 17 18 19 20 |
---------------+-------------------------------------------------------------+-----
Staves         | 1 2 3 4 5 6 7 9 11 | 11.9
Conjurations   | 1 2 3 5 6 8 10 13 16 19 21 23 | 23.4
Evocations     | 3 8 10 | 10.0
Shields        | 4 |  4.0
Invocations    | 2 10 | 10.0
Spellcasting   | 2 5 8 10 | 10.0
Ice Magic      | 5 6 |  6.0
Air Magic      | 5 6 |  6.0
Fighting       | 5 |  5.0
Dodging        | 2 5 |  5.0
Transmutations | 2 9 10 | 10.0
Armour         | 5 |  5.0
Fire Magic     | 3 4 |  4.0
Earth Magic    | 8 10 | 10.0
Maces & Flails | |  2.0

Action                   |  1- 3 |  4- 6 |  7- 9 | 10-12 | 13-15 | 16-18 | 19-21 || total
-------------------------+-------+-------+-------+-------+-------+-------+-------++-------
Melee: Flail             |   121 |   134 |    79 |       |       |       |       ||   334
       Trident           |       |       |   162 |   514 |       |       |       ||   676
       Staff             |       |       |       |     2 |   944 |   748 |   662 ||  2356
Throw: Dart              |       |       |       |     9 |     1 |       |    10 ||    20
       Throwing net      |       |       |       |     1 |     8 |       |       ||     9
 Cast: Shock             |       |     2 |    12 |    73 |     1 |       |       ||    88
       Freezing Cloud    |       |       |       |     6 |    61 |    99 |    49 ||   215
       Mephitic Cloud    |       |       |       |       |    31 |       |     6 ||    37
       Sticky Flame      |       |       |       |       |    22 |    66 |    69 ||   157
       Wereblood         |       |       |       |       |     2 |     5 |    18 ||    25
       Iskenderun's Myst |       |       |       |       |       |    25 |    40 ||    65
       Statue Form       |       |       |       |       |       |       |    13 ||    13
Invok: Purification      |       |       |       |     1 |     4 |     4 |     2 ||    11
       Heal Other        |       |       |       |       |     5 |    11 |     2 ||    18
       Heal Self         |       |       |       |       |     7 |    24 |    25 ||    56
Evoke: Wand              |       |       |       |    17 |     8 |    25 |     3 ||    53
       Tin of tremorston |       |       |       |       |       |       |     3 ||     3
  Use: Scroll            |     6 |     1 |     8 |    11 |     9 |    10 |     6 ||    51
       Potion            |       |     4 |     2 |     4 |     1 |     3 |     1 ||    15
 Stab: Confused          |       |       |       |     1 |    24 |       |     2 ||    27
       Sleeping          |       |       |       |     1 |     3 |     4 |     3 ||    11
       Distracted        |       |       |       |     1 |     1 |       |       ||     2
       Held in net/web   |       |       |       |       |     6 |       |       ||     6
Armor: Scale mail        |    75 |    57 |    62 |       |       |       |       ||   194
       Skin              |       |    10 |       |       |       |       |   200 ||   210
       Ring mail         |       |       |    25 |    49 |       |       |       ||    74
       Troll leather arm |       |       |       |    94 |   297 |   233 |   124 ||   748
Dodge: Dodged            |    68 |    53 |   100 |   174 |   302 |   398 |   297 ||  1392
Block: Buckler           |    33 |    29 |    62 |   197 |   404 |   382 |   298 ||  1405
       Reflection        |       |       |       |     5 |    40 |    44 |    24 ||   113

Table legend: (Time is in decaauts)
 A = Elapsed time spent in this place.
 B = Non-inter-level travel time spent in this place.
 C = Inter-level travel time spent in this place.
 D = Time resting spent in this place.
 E = Time spent auto-exploring this place.
 F = Levels seen in this place.
 G = Mean time per level.
                   A        B        C        D        E       F      G
               +--------+--------+--------+--------+--------+-----+--------+
         Total |  46478 |  43769 |   2709 |  12693 |  21069 |  37 | 1256.2 |
       Dungeon |  20253 |  18885 |   1368 |   4321 |  10935 |  15 | 1350.2 |
        Temple |     85 |     73 |     12 |      0 |     61 |   1 |   85.0 |
          Lair |   7486 |   6937 |    549 |   1555 |   3604 |   5 | 1497.2 |
         Swamp |   4590 |   4445 |    145 |   1657 |   1625 |   4 | 1147.5 |
     Snake Pit |   6305 |   6098 |    207 |   3003 |   1616 |   4 | 1576.2 |
  Orcish Mines |   1691 |   1409 |    282 |    110 |    850 |   2 |  845.5 |
   Elven Halls |   3698 |   3626 |     72 |   1438 |   1282 |   3 | 1232.7 |
        Vaults |   2044 |   1973 |     71 |    523 |   1094 |   2 | 1022.0 |
         Abyss |    323 |    323 |      0 |     84 |      0 |   1 |  323.0 |
               +--------+--------+--------+--------+--------+-----+--------+

Top non-repeatable levels by time:
   Elf:2: 2175 daAuts
  Lair:5: 2100 daAuts
     D:9: 2053 daAuts
     D:8: 2045 daAuts
 Snake:4: 2043 daAuts
Vaults:1: 2040 daAuts
    D:10: 1929 daAuts
  Lair:2: 1813 daAuts
 Snake:2: 1580 daAuts
     D:3: 1573 daAuts
  Lair:4: 1572 daAuts
 Snake:1: 1565 daAuts
 Swamp:3: 1558 daAuts
     D:6: 1471 daAuts
   Orc:2: 1373 daAuts
